 Dungeon Crawl Stone Soup version 0.29-a0-775-g4d7333d4e2 (webtiles) character file.

Game seed: 1771332555871532900

74 marklar909 the Trooper (level 4, -1/37 HPs)
             Began as a Palentonga Fighter on July 2, 2022.
             Slain by Terence
             ... wielding a +0 mace
              (9 damage)
             ... on level 2 of the Dungeon.
             The game lasted 00:02:10 (1093 turns).

marklar909 the Trooper (Palentonga Fighter)         Turns: 1093, Time: 00:02:10

Health: -1/37      AC:  9    Str: 19    XL:     4   Next: 9%
Magic:  4/4        EV:  7    Int:  9    God:
Gold:   73         SH:  4    Dex: 11    Spells: 3/3 levels left

rFire   . . .      SeeInvis +   a - +0 flail
rCold   . . .      Faith    .   c - +0 buckler
rNeg    . . .      Spirit   .   b - +0 scale mail
rPois   .          Reflect  .   m - +2 helmet
rElec   .          Harm     .   (no cloak)
rCorr   .          Rampage  .   (no gloves)
Will    .....                   (no barding)
Stlth   ..........              (no amulet)
HPRegen 0.12/turn               (no ring)
MPRegen 0.09/turn               (no ring)

@: no status effects
A: large, rugged brown scales 3, see invisible, deformed body, roll 1, armoured
tail
a: Rolling Charge


You were on level 2 of the Dungeon.
You visited 1 branch of the dungeon, and saw 2 of its levels.

You collected 73 gold pieces.

Inventory:

Hand Weapons
 a - a +0 flail (weapon)
Armour
 b - a +0 scale mail (worn)
 c - a +0 buckler (worn)
 m - a +2 helmet (worn)
Jewellery
 j - a +4 ring of evasion
Scrolls
 h - a scroll of torment {unknown}
 k - a scroll of immolation {unknown}
 o - 2 scrolls of identify
Potions
 d - 3 potions of might
 e - a potion of mutation
 f - a potion of degeneration {unknown}
 g - 3 potions of curing
 i - a potion of resistance
 l - a potion of haste {unknown}
 n - a potion of brilliance {unknown}


   Skills:
 + Level 3.5 Fighting
 + Level 2.6 Maces & Flails
 + Level 3.1 Armour
 + Level 3.1 Shields


You had 3 spell levels left.
You didn't know any spells.
Your spell library was empty.

Dungeon Overview and Level Annotations

Branches:
Dungeon (2/15)

Altars:

Shops:
D:2 =

Annotations:
D:2 Terence


Innate Abilities, Weirdness & Mutations

You are completely covered in rugged brown scales. (AC +3, +7% HP)
You have supernaturally acute eyesight. (SInv)
Armour fits poorly on your strangely shaped body.
You can roll at nearby foes to attack.
You have a long armoured tail.


Message History

The worm is moderately wounded.
A ball python comes into view.
The quokka bites you but does no damage.
Unknown command.
The ball python hisses angrily.
You sock the worm! You tail-slap the worm.
You kill the worm!
You hear an angry hiss.
The quokka bites you. The quokka barely misses you.
Unknown command.
Unknown command.
You hit the quokka.
You kill the quokka!
Unknown command.
A frilled lizard comes into view.
You see here a worm corpse.
Unknown command.
You thump the ball python!
You kill the ball python!
You see here a ball python corpse.
Terence the Incautious comes into view.
He is wielding a +0 mace.
Terence shouts!
The frilled lizard bites you but does no damage.
You closely miss the frilled lizard. You tail-slap the frilled lizard.
You kill the frilled lizard!
You see here a frilled lizard corpse.
Terence drinks a potion.
Terence seems to grow stronger.
You see here 2 potions of curing.
You hit Terence.
Terence is lightly wounded.
Terence hits you with a +0 mace.
You completely miss Terence.
Your tail-slap misses Terence.
Terence is lightly wounded.
Terence hits you with a +0 mace!
You hit Terence but do no damage.
Terence is lightly wounded.
Terence hits you with a +0 mace!
* * * LOW HITPOINT WARNING * * *
Terence hits you with a +0 mace!
You die...

..>.## #...## #
###....## ## ......).##
##. #########...†..##
##..
#...........)...##+##...
#...........†...........
#..........†..........##
#.....@@†...............
..........###.........#.
......................#<
.........##..(........#.
.........#..##........#.
...........##.........#.
#.#......#. ..#........
.#.#......


You could see Terence (strong).

Vanquished Creatures
  Robin (D:2)
  An adder (D:2)
  A worm (D:2)
  3 orcs (D:2)
  2 endoplasms (D:1)
  A giant cockroach (D:2)
  10 goblins
  4 hobgoblins
  2 jackals (D:2)
  2 kobolds (D:1)
  A quokka (D:2)
  7 ball pythons
  3 bats
  3 frilled lizards
  4 rats
45 creatures vanquished.

Notes
Turn   | Place    | Note
-------+----------+-------------------------------------------
     0 | D:1      | marklar909 the Palentonga Fighter began the quest for the
                  | Orb.
     0 | D:1      | Reached XP level 1. HP: 19/19 MP: 1/1
   395 | D:1      | Reached XP level 2. HP: 25/25 MP: 2/2
   518 | D:2      | Noticed Robin
   641 | D:2      | Reached XP level 3. HP: 24/31 MP: 3/3
   663 | D:2      | Killed Robin
   925 | D:2      | Found Niut's Jewellery Shoppe.
  1079 | D:2      | Reached XP level 4. HP: 32/37 MP: 4/4
  1087 | D:2      | Noticed Terence
  1093 | D:2      | Slain by Terence

Illustrated notes

Levels and vault maps discovered:
D:1:      ncdulo_smallfort, layout_rooms
D:2:      layout_rooms, serial_shops, nicolae_shop_behind_doors,
          chequers_ecumenical_altar_simple_redux, wad_orctagon, uniq_robin,
          uniq_terence

Skill      XL: |  1  2  3 |
---------------+----------+-----
Shields        | 3 |  3.1
Armour         | 3 |  3.1
Fighting       | |  3.5
Maces & Flails | |  2.6

Action                   |  1- 3 |  4- 6 || total
-------------------------+-------+-------++-------
Melee: Flail             |    74 |     9 ||    83
       Tailslap          |    10 |     2 ||    12
 Abil: Rolling Charge    |     9 |       ||     9
  Use: Scroll            |     5 |       ||     5
Armor: Scale mail        |    26 |     2 ||    28
Dodge: Dodged            |    25 |     2 ||    27
Block: Buckler           |    18 |     2 ||    20

Table legend: (Time is in decaauts)
 A = Elapsed time spent in this place.
 B = Non-inter-level travel time spent in this place.
 C = Inter-level travel time spent in this place.
 D = Time resting spent in this place.
 E = Time spent auto-exploring this place.
 F = Levels seen in this place.
 G = Mean time per level.
                   A        B        C        D        E       F      G
               +--------+--------+--------+--------+--------+-----+--------+
         Total |   1120 |   1056 |     64 |    169 |    628 |   2 |  560.0 |
       Dungeon |   1120 |   1056 |     64 |    169 |    628 |   2 |  560.0 |
               +--------+--------+--------+--------+--------+-----+--------+

Top non-repeatable levels by time:
     D:1: 712 daAuts
     D:2: 407 daAuts
